 Dungeon Sprint DCSS version 0.29-a0-1008-g949cc1d0fb (webtiles) character file.

Game seed: 14764587076231106034

2310 Conn the Arsonist (level 9, -3/52 HPs)
             Began as an Octopode Fire Elementalist on Aug 6, 2022.
             Was a Priest of Sif Muna.
             Killed from afar by a death drake (11 damage)
             ... with a foul vapour
             ... in the Dungeon (Sprint II: "The Violet Keep of Menkaure").
             The game lasted 00:11:08 (391 turns).

Conn the Arsonist (Octopode Fire Elementalist)       Turns: 391, Time: 00:11:10

Health: -3/52      AC:  1    Str:  7    XL:     9   Next: 41%
Magic:  4/22       EV: 15    Int: 27    God:    Sif Muna [***...]
Gold:   16         SH:  0    Dex: 12    Spells: 11/26 levels left

rFire   . . .      SeeInvis .   e - +8 mace "Daidit" {venom, rN+ Int+5}
rCold   . . .      Faith    .   (no shield)
rNeg    + . .      Spirit   .   (helmet restricted)
rPois   .          Reflect  .   (no amulet)
rElec   .          Harm     .   (no ring)
rCorr   .          Rampage  .   (no ring)
Will    .....      NoTele   +   (no ring)
Stlth   ++++......              (no ring)
HPRegen 0.17/turn               (no ring)
MPRegen 0.18/turn               (no ring)
                                (no ring)
                                (no ring)

@: lethally poisoned (-3 -> -21)
A: almost no armour, amphibious, 8 rings, camouflage 1, gelatinous body 1,
(nimble swimmer 1), tentacles
a: Renounce Religion, Channel Magic, Forget Spell


You were in the Dungeon.
You worshipped Sif Muna.
Sif Muna was most pleased with you.
You visited 1 branch You collected 729 gold pieces.
You spent 713 gold pieces at shops.

Inventory:

Hand Weapons
 d - the +7 broad axe of the Imperium {elec, Int+2}
   (You bought it in a shop in the Dungeon)

   It occasionally discharges a powerful burst of electricity upon striking a
   foe.
   Int:       It affects your intelligence (+2).
 e - the +8 mace "Daidit" (weapon) {venom, rN+ Int+5}
   (You bought it in a shop in the Dungeon)

   It poisons the flesh of those it strikes.
   Int:       It affects your intelligence (+5).
   rN:        It protects you from negative energy.
Wands
 g - a wand of paralysis (9)
Potions
 a - 2 potions of magic


   Skills:
 + Level 0.6 Fighting
 + Level 5.8 Dodging
 + Level 7.6 Stealth
 + Level 9.1 Spellcasting
 * Level 8.7 Conjurations
 + Level 3.1 Hexes
 * Level 4.7 Translocations
 + Level 13.9 Fire Magic


You had 11 spell levels left.
You knew the following spells:

 Your Spells              Type           Power      Damage    Failure   Level
a - Foxfire               Conj/Fire      100%       2x1d9     1%          1
b - Conjure Flame         Conj/Fire      65%        6-21      1%          3
c - Inner Flame           Hex/Fire       55%        N/A       1%          3
d - Flame Wave            Conj/Fire      65%        2d15      1%          4
e - Scorch                Fire           100%       2d10      1%          2
f - Blink                 Tloc           76%        N/A       1%          2

Your spell library contained the following spells:

 Spells                   Type           Power      Damage    Failure   Level
 Lesser Beckoning         Tloc           38%        N/A       1%          3
 Manifold Assault         Tloc           38%        N/A       19%         5


Dungeon Overview and Level Annotations

Branches:
Dungeon (1/1)

Altars:
Cheibriados
Dithmenos
Elyvilon
Fedhas
Gozag
Hepliaklqana
Kikubaaqudgha
Makhleb
Nemelex Xobeh
Okawaru
Qazlal
Ru
Sif Muna
Trog
Uskayaw
Vehumet
Wu Jian
Xom
Yredelemnul
Zin
The Shining One
Jiyva
Lugonu

Shops:
D (=::!:?(![[[[!=

Annotations:
D exclusions: ice statue, oklob plant and orange crystal statue


Innate Abilities, Weirdness & Mutations

You cannot wear most types of armour.
You are amphibious.
You can wear up to eight rings at the same time.
Your skin changes colour to match your surroundings (Stealth+).
Your rubbery body absorbs attacks. (AC +1, EV +1)
((You are camouflaged when in or above water. (Stealth+)))
You have tentacles for arms and can constrict up to eight enemies at once.


Message History

A death drake comes into view.
You feel better.
Casting: Scorch (safe; 1% risk of failure)
Confirm with . or Enter, or press ? or * to list all spells.
Okay, then.
Unknown command.
Unknown command.
Unknown command.
Aiming: Paralyse
Press: ? - help, Shift-Dir - straight line, f - death drake
Aim: a death drake (heavily wounded, inner flame, more vulnerable to fire, chance to affect: 31%)
Okay, then.
Unknown command.
Unknown command.
Unknown command.
Unknown command.
Casting: Scorch (safe; 1% risk of failure)
Confirm with . or Enter, or press ? or * to list all spells.
Okay, then.
Unknown command.
Unknown command.
Unknown command.
Unknown command.
Casting: Scorch (safe; 1% risk of failure)
Confirm with . or Enter, or press ? or * to list all spells.
You conjure some foxfire!
The death drake hisses angrily.
The swamp drake roars!
Casting: Foxfire (safe; 1% risk of failure)
Confirm with . or Enter, or press ? or * to list all spells.
Flames lash the swamp drake.
The swamp drake is heavily wounded.
The swamp drake's fire resistance burns away.
The foxfire hits the swamp drake.
The swamp drake is burned terribly!
The swamp drake is severely wounded.
The foxfire hits the swamp drake.
The swamp drake is burned terribly!
The swamp drake is almost dead.
The death drake breathes miasma at you. The foul vapour engulfs you!
You are lethally poisoned!
You die... §≈≈≈≈ ++#+++## ... ## ..††...# .. k ##†##..# #. k #.#.##.#### +.##. ..#..#....# ..k# ## ##.#####..## #..# $# #+###.##..# +§§# .# $?$!

##.##...#..# #§@# .#▓(([)[
+.<.')#.'..####.☼##.#▓?$$[[:
##.##...#....###○^.##▓▓▓▓▓▓▓
##†###.##.....†§k)~†~~~~~~~~
#...####~~.....~#'########+#
..#..#~~~§~~~..~#_._.....#§~
#.#.##~§~~~~~~.~#._._....#~~
##+##~~§≈§§~~~~~#_._._...#§~
~~~~~~~~~§§≈≈§§~#°°°°._..#§§


You could see 2 death drakes and 2 swamp drakes.

Vanquished Creatures
  A merfolk siren (D)
  A yaktaur (D)
  3 polar bears (D)
  A hornet (D)
  A blink frog (D)
  Menkaure (D)
  2 water moccasins (D)
  4 scorpions (D)
  4 necrophages (D)
18 creatures vanquished.

Vanquished Creatures (others)
  14 foxfires (D)
14 creatures vanquished.

Grand Total: 32 creatures vanquished

Notes
Turn   | Place    | Note
-------+----------+-------------------------------------------
     0 | D        | Conn the Octopode Fire Elementalist began the quest for the
                  | Orb.
     0 | D        | Reached XP level 1. HP: 11/11 MP: 3/3
     1 | D        | Noticed a necrophage
     1 | D        | Noticed a necrophage
     1 | D        | Noticed a necrophage
     1 | D        | Noticed a necrophage
     4 | D        | Killed a necrophage
     5 | D        | Reached skill level 6 in Fire Magic
     5 | D        | Reached XP level 2. HP: 17/17 MP: 3/6
     5 | D        | Reached XP level 3. HP: 21/21 MP: 4/8
     5 | D        | Reached XP level 4. HP: 27/27 MP: 4/9
     6 | D        | Killed a necrophage
     7 | D        | Reached skill level 7 in Fire Magic
     7 | D        | Reached XP level 5. HP: 31/31 MP: 4/11
    14 | D        | Reached skill level 5 in Stealth
    14 | D        | Reached skill level 8 in Fire Magic
    18 | D        | Reached skill level 5 in Spellcasting
    18 | D        | Reached skill level 9 in Fire Magic
    18 | D        | Reached XP level 6. HP: 36/36 MP: 5/13
    28 | D        | Learned a level 2 spell: Scorch
    33 | D        | Learned a level 3 spell: Conjure Flame
    37 | D        | Learned a level 3 spell: Inner Flame
    42 | D        | Learned a level 4 spell: Flame Wave
    44 | D        | Noticed a boulder beetle
    44 | D        | Noticed a boulder beetle
    48 | D        | Noticed a merfolk siren
   104 | D        | Killed a merfolk siren
   105 | D        | Reached skill level 5 in Dodging
   105 | D        | Reached skill level 1 in Hexes
   105 | D        | Reached skill level 11 in Fire Magic
   105 | D        | Reached XP level 7. HP: 33/41 MP: 6/16
   130 | D        | Found an iron altar of Okawaru.
   130 | D        | Found a radiant altar of Vehumet.
   130 | D        | Found a glowing silver altar of Zin.
   131 | D        | Found a sparkling altar of Nemelex Xobeh.
   131 | D        | Found a hide-covered altar of Uskayaw.
   132 | D        | Found an opulent altar of Gozag.
   132 | D        | Found a burning altar of Makhleb.
   132 | D        | Found a bloodstained altar of Trog.
   132 | D        | Found a basalt altar of Yredelemnul.
   132 | D        | Noticed Menkaure
   133 | D        | Found a blossoming altar of Fedhas.
   133 | D        | Found a corrupted altar of Lugonu.
   133 | D        | Found a shimmering blue altar of Sif Muna.
   134 | D        | Found a white marble altar of Elyvilon.
   134 | D        | Found an ancient bone altar of Kikubaaqudgha.
   134 | D        | Found a shimmering altar of Xom.
   134 | D        | Found a sacrificial altar of Ru.
   135 | D        | Found a shadowy altar of Dithmenos.
   135 | D        | Found a viscous altar of Jiyva.
   136 | D        | Found a snail-covered altar of Cheibriados.
   137 | D        | Found a hazy altar of Hepliaklqana.
   138 | D        | Found a glowing golden altar of the Shining One.
   138 | D        | Found an ornate altar of the Wu Jian Council.
   138 | D        | Found a stormy altar of Qazlal.
   142 | D        | Killed Menkaure
   145 | D        | Became a worshipper of Sif Muna the Loreminder
   236 | D        | Noticed an orange crystal statue
   240 | D        | Reached skill level 12 in Fire Magic
   242 | D        | Reached * piety under Sif Muna
   243 | D        | Reached XP level 8. HP: 28/46 MP: 5/18
   254 | D        | Found Buid's Jewellery Shop.
   255 | D        | Found Woqa's Antique Armour Boutique.
   255 | D        | Found Logo's Distillery.
   256 | D        | Found Coxzo's Antique Armour Boutique.
   256 | D        | Found Pamae's Antique Armour Shop.
   257 | D        | Found Coinkosa's Armour Boutique.
   258 | D        | Found Duidghiex's Antique Weapon Shop.
   258 | D        | Found Vuanist's Distillery.
   259 | D        | Found Xeiblor's Magic Scroll Shop.
   259 | D        | Found Dawkoubb's Book Boutique.
   259 | D        | Noticed a hell hog
   262 | D        | Found Loupegug's Distillery.
   262 | D        | Found Rimos's Book Shop.
   262 | D        | Noticed a hell hog
   262 | D        | Noticed an oklob plant
   263 | D        | Found Vyvigotu's Jewellery Shop.
   263 | D        | Found Maxevus's Antique Weapon Boutique.
   263 | D        | Found Tikubushra's Book Shoppe.
   281 | D        | Bought a book of Spatial Translocations for 286 gold pieces
   284 | D        | Learned a level 2 spell: Blink
   285 | D        | Bought a pitted broad axe for 243 gold pieces
   285 | D        | Identified the +7 broad axe of the Imperium {elec, Int+2}
                  | (You bought it in a shop in the Dungeon)
   291 | D        | Bought a pitted mace for 184 gold pieces
   291 | D        | Identified the +8 mace "Daidit" {venom, rN+ Int+5} (You
                  | bought it in a shop in the Dungeon)
   309 | D        | Noticed a blink frog
   312 | D        | Killed a blink frog
   312 | D        | Reached ** piety under Sif Muna
   313 | D        | Reached skill level 1 in Translocations
   322 | D        | Noticed an ice statue
   344 | D        | Noticed a hornet
   344 | D        | Noticed a polar bear
   345 | D        | Noticed a yaktaur
   359 | D        | Noticed a polar bear
   362 | D        | Noticed a polar bear
   370 | D        | Killed a polar bear
   370 | D        | Killed a hornet
   370 | D        | Killed a yaktaur
   370 | D        | Reached *** piety under Sif Muna
   370 | D        | Killed a polar bear
   370 | D        | Killed a polar bear
   371 | D        | Reached skill level 13 in Fire Magic
   371 | D        | Reached XP level 9. HP: 47/52 MP: 11/22
   379 | D        | Noticed a death drake
   388 | D        | HP: 1/52 [poisoned by a death drake (dark miasma)]
   388 | D        | Noticed a death drake
   391 | D        | Killed from afar by a death drake

Illustrated notes

Levels and vault maps discovered:
D:        the_violet_keep_of_menkaure [sprint2_stairs_cluster_1,
          sprint2_shoproom, sprint2_temple, sprint2_basic_supplies,
          sprint2_obstacle_2, sprint2_obstacle_3, sprint2_obstacle_4,
          sprint2_obstacle_7, sprint2_obstacle_6, sprint2_timed_cluster_1,
          sprint2_smallroom_cluster_1, sprint2_smallroom_final_cluster_1,
          sprint2_transparent_cluster_1, sprint2_second_timed_cluster_1,
          sprint2_sniper_area_1, sprint2_heavy_combat_area_1,
          sprint2_mutation_trap_area_1, sprint2_forest_area_1,
          sprint2_light_combat_area_1, sprint2_behind_water_1,
          sprint2_near_end_vault_1]

Skill      XL: |  1  2  3  4  5  6  7  8 |
---------------+-------------------------+-----
Dodging        | 3 4 5 |  5.8
Stealth        | 4 5 6 7 |  7.6
Spellcasting   | 3 4 5 6 7 9 |  9.1
Fire Magic     | 6 7 9 11 12 13 | 13.9
Conjurations   | 2 4 6 8 |  8.7
Hexes          | 1 3 |  3.1
Translocations | 4 |  4.7
Fighting       | |  0.6

Action                   |  1- 3 |  4- 6 |  7- 9 || total
-------------------------+-------+-------+-------++-------
Melee: Unarmed           |     1 |    12 |       ||    13
       Tentacles         |     1 |     3 |       ||     4
       Constrict         |       |     3 |       ||     3
 Cast: Scorch            |       |     2 |    12 ||    14
       Inner Flame       |       |     1 |     5 ||     6
       Foxfire           |       |       |     9 ||     9
       Flame Wave        |       |       |     2 ||     2
       Conjure Flame     |       |       |     1 ||     1
Evoke: Wand              |       |       |     1 ||     1
  Use: Potion            |     2 |       |     3 ||     5
       Scroll            |       |       |     1 ||     1
Dodge: Dodged            |       |     2 |     4 ||     6

Table legend: (Time is in decaauts)
 A = Elapsed time spent in this place.
 B = Non-inter-level travel time spent in this place.
 C = Inter-level travel time spent in this place.
 D = Time resting spent in this place.
 E = Time spent auto-exploring this place.
 F = Levels seen in this place.
 G = Mean time per level.
                   A        B        C        D        E       F      G
               +--------+--------+--------+--------+--------+-----+--------+
         Total |    387 |    387 |      0 |    109 |      0 |   1 |  387.0 |
       Dungeon |    387 |    387 |      0 |    109 |      0 |   1 |  387.0 |
               +--------+--------+--------+--------+--------+-----+--------+

Top non-repeatable levels by time:
       D: 387 daAuts
